 Dungeon Crawl Stone Soup version 0.31.0 (webtiles) character file.

Game seed: 13059349340781563975

59873 qw the Marksgargoyle (level 14, -9/92 HPs)
             Began as a Gargoyle Hunter on Jan 19, 2024.
             Was the Champion of Okawaru.
             Mangled by a vault guard
             ... wielding a +1 great mace of protection
              (26 damage)
             ... on level 13 of the Dungeon.
             The game lasted 00:02:29 (16561 turns).

qw the Marksgargoyle (Gargoyle Hunter)             Turns: 16561, Time: 00:02:30

Health: -9/92      AC: 38    Str: 22    XL:     14   Next: 96%
Magic:  20/21      EV: 16    Int:  6    God:    Okawaru [******]
Gold:   429        SH:  0    Dex: 23    Spells: 13/13 levels left

rFire   . . .        p - +5 triple crossbow (chaos)
rCold   . . .        (shield currently unavailable)
rNeg    + + .        e - +3 swamp dragon scales
rPois   inf          j - +2 helmet
rElec   +            l - +2 cloak
rCorr   .            h - +2 pair of gloves {Str+3}
SInv    .            s - +0 pair of boots
Will    +....        o - amulet of faith
Stlth   ++           m - +4 ring of protection
HPRegen 0.35/turn    b - ring "Akoddere" {rN+ Str+3 Int-4 Dex+6}
MPRegen 0.17/turn

%: faith
@: finesse-ful, flying, slowed, very slow
A: sickness immunity, AC +10, big wings, negative energy resistance 1,
electricity resistance, torment resistance 1, petrification resistance
a: Renounce Religion, Heroism, Finesse, Duel


You were on level 13 of the Dungeon.
You worshipped Okawaru.
Okawaru was exalted by your worship.
You visited 3 branches of the dungeon, and saw 19 of its levels.

You collected 1174 gold pieces.
You spent 745 gold pieces at shops.


Innate Abilities, Weirdness & Mutations

You are immune to sickness and miasma.
Your stone body is resilient. (AC +10)
You are immune to poison.
Your large and strong wings let you fly.
You resist negative energy. (rN+)
You are resistant to electric shocks. (rElec)
You are resistant to unholy torment.
You are immune to petrification.


   Skills:
 - Level 12.0 Fighting
 + Level 18.8 Ranged Weapons
 - Level 9.1 Armour
 - Level 7.0 Dodging
 - Level 1.1 Stealth
 - Level 10.0 Invocations


You had 13 spell levels left.
You didn't know any spells.
Your spell library was empty.

Inventory:

Hand Weapons
 p - a +5 triple crossbow of chaos (weapon)
Armour
 e - +3 swamp dragon scales (worn)
 h - a +2 pair of gloves of strength (worn)
 j - a +2 helmet (worn)
 l - a +2 cloak (worn)
 s - a +0 pair of boots (worn)
 x - a +2 leather armour of fire resistance
Jewellery
 b - the ring "Akoddere" (right hand) {rN+ Str+3 Int-4 Dex+6}
   (You acquired it on level 2 of the Dungeon)

   [ring of positive energy]

   Str+3:     It affects your strength (+3).
   Int-4:     It affects your intelligence (-4).
   Dex+6:     It affects your dexterity (+6).
   rN+:       It protects you from negative energy.
 m - a +4 ring of protection (left hand)
 n - a ring of fire
 o - an amulet of faith (around neck)
Wands
 a - a wand of digging (2)
 f - a wand of roots (18)
 t - a wand of acid (14)
 w - a wand of mindburst (6)
Scrolls
 g - 9 scrolls of teleportation
 i - 9 scrolls of identify
 v - a scroll of poison {unknown}
Potions
 c - 5 potions of might
 d - 4 potions of heal wounds
 k - 8 potions of curing
 q - 7 potions of enlightenment
 r - 2 potions of resistance
 u - 5 potions of haste

Dungeon Overview and Level Annotations

Branches:
Dungeon (13/15)            Temple (1/1) D:5            Lair (5/5) D:11
  Swamp (0/4) Lair:3        Snake (0/4) Lair:2        Slime (0/5) Lair:4
    Orc (0/2) D:10
 Vaults: D:13-14

Altars:
Ashenzari
Cheibriados
Dithmenos
Elyvilon
Fedhas
Gozag
Hepliaklqana
Kikubaaqudgha
Makhleb
Nemelex Xobeh
Okawaru
Qazlal
Ru
Sif Muna
Trog
Uskayaw
Vehumet
Wu Jian
Xom
Yredelemnul
Zin
The Shining One
Jiyva

Shops:
D:3 *   D:5 [*([:   D:13 !

Portals:
Trove: D:12 (give +7 demon trident)

Annotations:
D:13 1 runed translucent door


Message History

You shoot a bolt. The bolt hits the gargoyle!
The bolt burns the gargoyle.
The gargoyle is severely damaged.
You shoot a bolt. The bolt hits the gargoyle!
The bolt burns the gargoyle.
You destroy the gargoyle!
Okawaru accepts your kill.
The deep elf archer points at you and mumbles some strange words.
You feel as though you will be slow longer.
You shoot a bolt.
The bolt closely misses the deep elf archer.
The deep elf archer casts a spell at you.
You resist with some effort.
You shoot a bolt. The bolt misses the deep elf archer.
The deep elf archer casts a spell at you.
You are confused.
16554 ||| DRINKING 9 potions of curing.
You feel better.
16554 ||| (to cure confusion)
The deep elf archer shoots an arrow.
The arrow hits you!
You shoot a bolt.
The bolt barely misses the deep elf archer.
A vault guard comes into view.
It is wielding a +1 great mace of protection.
The deep elf archer casts a spell at you.
You resist with some effort.
You shoot a bolt.
The bolt closely misses the deep elf archer.
You shoot a bolt. The bolt misses the deep elf archer.
The deep elf archer mumbles some strange words.
The deep elf archer blinks!
You shoot a bolt.
The bolt hits the vault guard but does no damage.
You drain the vault guard.
The vault guard is lightly wounded.
You shoot a bolt. The bolt hits the vault guard!!!
The vault guard flies into a frenzy!
The vault guard is severely wounded.
A vault guard is nearby!
The vault guard shouts!
The vault guard hits you with a +1 great mace of protection!!
16561 ||| FLEEEEING.
The vault guard hits you with a +1 great mace of protection!! x2
You die...

#........##.#.... #'#
#.......##.#.... ...#
##........#...... ....#
##..........#.....
.....##.)....)(.).....#.
./................###.#.
....#.).....e.....##....
#......p....#.##.####...
.......@.####....# #...
..........# #....# ##..
.........###.....# #.#
#......#####.....# ##.#
.#.........#.....# #...
.......#........# ##...
..8#### #.......####....
+### ####........###...
#..........###...#


You could see a deep elf archer (strong, repels missiles) and a neutral vault
guard (fast, strong, frenzied, drained).

Vanquished Creatures
  Rupert (Lair:4)
  An eleionoma (Lair:3)
  Josephine (Lair:4)
  4 hydras
  3 vault guards (D:13)
  2 catoblepae (Lair:2)
  A merfolk avatar (Lair:5)
  A boulder beetle (D:13)
  A centaur warrior (D:13)
  A two-headed ogre (D:13)
  A demonic crawler (Lair:5)
  Nergalle (Lair:2)
  A skyshark (Lair:5)
  A sea snake (Lair:5)
  An arcanist (D:13)
  Pikel (D:8)
  A salamander (Lair:2)
  An oklob plant (Lair:1)
  2 ugly things
  A cyclops (D:11)
  5 manticores
  4 elephants (Lair:5)
  3 black mambas
  4 gargoyles
  14 cane toads
  Maggie (D:8)
  A torpor snail (Lair:5)
  3 unseen horror zombies (D:9)
  Jeremiah (D:8)
  An unseen horror (D:11)
  A kobold demonologist (D:12)
  5 rime drakes
  9 komodo dragons
  A queen bee (shapeshifter) (D:13)
  2 trolls
  A wind drake (Lair:5)
  3 hornets
  5 polar bears
  19 blink frogs
  7 dream sheep (Lair:5)
  2 snapping turtles (Lair:5)
  11 slime creatures
  Sigmund (D:5)
  2 shadows (D:12)
  2 spriggans (Lair:2)
  6 wraiths
  3 wyverns
  5 basilisks
  31 yaks
  A steam dragon (Lair:5)
  2 humans (D:8)
  Menkaure (D:5)
  10 vampire mosquitoes
  2 nagas (Lair:2)
  2 swamp worms (Lair:5)
  2 acid dragons
  15 water moccasins
  6 orc warriors
  An ice beast (D:8)
  A sky beast (D:7)
  2 laughing skulls (D:13)
  6 black bears
  3 ogres
  3 centaurs
  30 wolves
  5 kobold brigands
  A gnoll sergeant (D:9)
  12 bullfrogs
  A wyvern zombie (D:9)
  2 scorpions
  18 wights
  5 killer bees (D:9)
  4 howler monkeys
  A bombardier beetle (D:3)
  5 centaur zombies (D:9)
  3 jellies
  5 hounds
  8 orc priests
  3 gnoll boudas
  Ijyb (D:5)
  4 iguanas
  Terence (D:3)
  7 orc wizards
  23 gnolls
  7 adders
  A shadow imp (D:8)
  A white imp (D:5)
  2 ufetubi (D:6)
  4 dart slugs
  3 ribbon worms
  48 orcs
  12 ball pythons
  6 bats
  5 endoplasms
  A giant cockroach (D:2)
  9 hobgoblins
  8 jackals
  9 quokkas
  2 frilled lizards
  9 goblins
  27 kobolds
  5 rats
535 creatures vanquished.

Notes
Turn   | Place    | Note
-------+----------+-------------------------------------------
     0 | D:1      | qw the Gargoyle Hunter began the quest for the Orb.
     0 | D:1      | Reached XP level 1. HP: 12/12 MP: 1/1
     0 | D:1      | 0 ||| qw: Version: 0.3-a-132-g3d54051
     0 | D:1      | 0 ||| qw: Game counter: 103
     0 | D:1      | 0 ||| qw: Melee chars always use a shield: true
     0 | D:1      | 0 ||| qw: God list: Okawaru
     0 | D:1      | 0 ||| qw: Allow faded altars: false
     0 | D:1      | 0 ||| qw: Do Orc after clearing Dungeon:15 true
     0 | D:1      | 0 ||| qw: Do second Lair branch before Depths: true
     0 | D:1      | 0 ||| qw: Lair rune preference: random
     0 | D:1      | 0 ||| qw: Goals: Normal
     0 | D:1      | 0 ||| PLANNING D:1-11
    58 | D:1      | Reached XP level 2. HP: 13/17 MP: 2/2
   483 | D:1      | Reached XP level 3. HP: 21/21 MP: 3/3
   618 | D:1      | 618 ||| UPGRADING to +0 ring mail.
   628 | D:1      | 628 ||| DROPPING +0 leather armour.
   629 | D:1      | 629 ||| UPGRADING to amulet of guardian spirit.
   634 | D:1      | 634 ||| UPGRADING to +4 ring of protection.
   635 | D:1      | 635 ||| READING 3 scrolls labelled DORUAR DEDOTU.
   640 | D:1      | 640 ||| READING 2 scrolls labelled COWNIY NEHIRAY.
   640 | D:1      | 640 ||| IDENTIFYING inky potion
   641 | D:1      | 641 ||| READING scroll of identify.
   641 | D:1      | 641 ||| IDENTIFYING emerald potion
   642 | D:1      | 642 ||| READING scroll labelled LIMA REXKYCAMM.
   642 | D:1      | 642 ||| BRANDING +0 shortbow.
   643 | D:1      | 643 ||| DRINKING 2 smoky amethyst potions.
   644 | D:1      | 644 ||| DROPPING scroll of butterflies.
   645 | D:1      | 645 ||| DROPPING potion of brilliance.
   718 | D:2      | Reached skill level 1 in Armour
   723 | D:2      | Reached skill level 5 in Ranged Weapons
   894 | D:2      | Reached XP level 4. HP: 27/27 MP: 4/4
   933 | D:2      | Reached skill level 3 in Fighting
  1351 | D:2      | 1351 ||| UPGRADING to +0 helmet.
  1356 | D:2      | 1356 ||| UPGRADING to +1 helmet.
  1366 | D:2      | 1366 ||| DROPPING +0 helmet.
  1367 | D:2      | 1367 ||| READING scroll of identify.
  1367 | D:2      | 1367 ||| IDENTIFYING puce potion
  1368 | D:2      | 1368 ||| READING scroll labelled NAUPOBUROTZ.
  1369 | D:2      | 1369 ||| READING scroll labelled OZEC OLOXKI.
  1370 | D:2      | 1370 ||| READING 2 scrolls labelled CINTACWE ENEDD.
  1370 | D:2      | Identified 2 scrolls of acquirement
  1370 | D:2      | 1370 ||| ACQUIRING +3 orcbow "Totoo" {flame, Int+3}
  1370 | D:2      | Acquired the +3 orcbow "Totoo" {flame, Int+3}
  1371 | D:2      | 1371 ||| READING scroll of acquirement.
  1371 | D:2      | 1371 ||| ACQUIRING ring "Akoddere" {rN+ Str+3 Int-4 Dex+6}
  1371 | D:2      | Acquired the ring "Akoddere" {rN+ Str+3 Int-4 Dex+6}
  1373 | D:2      | 1373 ||| SWAPPING to +3 orcbow "Totoo" {flame, Int+3}.
  1374 | D:2      | 1374 ||| DROPPING +0 shortbow of flaming.
  1375 | D:2      | 1375 ||| UPGRADING to ring "Akoddere" {rN+ Str+3 Int-4
                  | Dex+6}.
  1376 | D:2      | 1376 ||| DRINKING 2 sedimented puce potions.
  1377 | D:2      | 1377 ||| DROPPING potion of degeneration.
  1409 | D:3      | Noticed a black bear
  1417 | D:3      | Killed a black bear
  1418 | D:3      | Reached skill level 6 in Ranged Weapons
  1418 | D:3      | Reached XP level 5. HP: 20/32 MP: 2/5
  1418 | D:3      | 1418 ||| FLEEEEING.
  1419 | D:3      | 1419 ||| STAIRDANCE
  1449 | D:2      | 1449 ||| FLEEEEING.
  1478 | D:3      | 1478 ||| STAIRDANCE
  1685 | D:3      | Found Waana's General Store.
  1685 | D:3      | Noticed Terence
  1690 | D:3      | Killed Terence
  1691 | D:3      | Reached XP level 6. HP: 38/38 MP: 6/6
  1700 | D:3      | 1700 ||| BUYING scroll of enchant armour (97 gold).
  1700 | D:3      | Bought a scroll of enchant armour for 97 gold pieces
  1700 | D:3      | 1700 ||| SHOPLISTING scroll of enchant armour (97 gold,
                  | have 24).
  1700 | D:3      | 1700 ||| READING 2 scrolls of enchant armour.
  1700 | D:3      | 1700 ||| ENCHANTING +1 helmet.
  1926 | D:3      | 1926 ||| UPGRADING to +0 cloak.
  1931 | D:3      | 1931 ||| UPGRADING to +0 robe of willpower.
  1941 | D:3      | 1941 ||| READING 2 scrolls of enchant armour.
  1941 | D:3      | 1941 ||| ENCHANTING +0 cloak.
  1942 | D:3      | 1942 ||| READING scroll of enchant armour.
  1942 | D:3      | 1942 ||| ENCHANTING +1 cloak.
  1943 | D:3      | 1943 ||| READING 2 scrolls of identify.
  1943 | D:3      | 1943 ||| IDENTIFYING red potion
  1944 | D:3      | 1944 ||| READING scroll of identify.
  1944 | D:3      | 1944 ||| IDENTIFYING scroll labelled PAIM XICOKUETU
  1945 | D:3      | 1945 ||| DROPPING scroll of amnesia.
  1946 | D:3      | 1946 ||| DROPPING potion of berserk rage.
  2095 | D:4      | Found a broken altar of Ashenzari.
  2097 | D:4      | Found a burning altar of Makhleb.
  2316 | D:4      | Reached skill level 7 in Ranged Weapons
  2316 | D:4      | Reached XP level 7. HP: 17/43 MP: 3/7
  2354 | D:4      | 2354 ||| FLEEEEING.
  2800 | D:4      | 2800 ||| DROPPING ring of willpower.
  2801 | D:4      | 2801 ||| READING 5 scrolls of identify.
  2801 | D:4      | 2801 ||| IDENTIFYING silvery potion
  2802 | D:4      | 2802 ||| READING 4 scrolls of identify.
  2802 | D:4      | 2802 ||| IDENTIFYING scroll labelled KUBRUDAQ WOFEPN
  2803 | D:4      | 2803 ||| DROPPING scroll of fog.
  2875 | D:5      | Entered Level 5 of the Dungeon
  2876 | D:5      | Noticed Ijyb
  2882 | D:5      | Killed Ijyb
  2886 | D:5      | Found a staircase to the Ecumenical Temple.
  2887 | D:5      | 2887 ||| PLANNING TEMPLE
  2887 | D:5      | 2887 ||| FLEEEEING.
  2892 | D:5      | 2892 ||| STAIRDANCE
  2908 | D:5      | 2908 ||| FLEEEEING.
  2913 | D:5      | 2913 ||| FLEEEEING.
  2914 | D:5      | 2914 ||| FLEEEEING.
  2918 | D:5      | 2918 ||| STAIRDANCE
  2922 | D:5      | 2922 ||| STAIRDANCE
  2926 | D:5      | 2926 ||| STAIRDANCE
  2930 | D:5      | 2930 ||| STAIRDANCE
  2934 | D:5      | 2934 ||| STAIRDANCE
  2941 | D:5      | 2941 ||| STAIRDANCE
  2945 | D:5      | 2945 ||| STAIRDANCE
  2950 | D:5      | 2950 ||| STAIRDANCE
  2954 | D:5      | 2954 ||| STAIRDANCE
  2985 | Temple   | Entered the Ecumenical Temple
  2986 | Temple   | 2986 ||| PLANNING D:1-11
  3004 | D:5      | Noticed Menkaure
  3005 | D:5      | 3005 ||| ZAPPING wand of paralysis (8) at 5,-3 (Menkaure;
                  | floor).
  3006 | D:5      | 3006 ||| ZAPPING wand of paralysis (7) at 4,-3 (Menkaure;
                  | floor).
  3009 | D:5      | Killed Menkaure
  3010 | D:5      | Reached skill level 8 in Ranged Weapons
  3019 | D:5      | Found Voowyizi's Book Emporium.
  3168 | D:5      | Found a white marble altar of Elyvilon.
  3191 | D:5      | Noticed Sigmund
  3192 | D:5      | 3192 ||| ZAPPING wand of paralysis (6) at -7,-3 (Sigmund;
                  | floor).
  3193 | D:5      | 3193 ||| ZAPPING wand of paralysis (5) at -6,-3 (Sigmund;
                  | floor).
  3210 | D:5      | Killed Sigmund
  3211 | D:5      | Reached skill level 6 in Fighting
  3211 | D:5      | Reached XP level 8. HP: 51/51 MP: 8/8
  3419 | D:5      | Found Eriawit's Antique Weapon Shoppe.
  3425 | D:5      | Found Qoc Xic's Armour Boutique.
  3450 | D:5      | Found Qiawigis's Armour Shop.
  3463 | D:5      | 3463 ||| BUYING +0 pair of boots (49 gold).
  3463 | D:5      | Bought a +0 pair of boots for 49 gold pieces
  3463 | D:5      | 3463 ||| SHOPLISTING +2 robe of Olumy {+Blink rF+ rC+
                  | Dex+3} (495 gold, have 95).
  3492 | D:5      | Found Liwk's Luxury Loot.
  3500 | D:5      | 3500 ||| BUYING +0 longbow (71 gold).
  3500 | D:5      | Bought a +0 longbow for 71 gold pieces
  3500 | D:5      | 3500 ||| SWAPPING to +0 longbow.
  3501 | D:5      | 3501 ||| DROPPING +3 orcbow "Totoo" {flame, Int+3}.
  3606 | D:5      | 3606 ||| DROPPING scarf of shadows.
  3607 | D:5      | 3607 ||| UPGRADING to +0 pair of boots.
  3612 | D:5      | 3612 ||| UPGRADING to amulet of faith.
  3622 | D:5      | 3622 ||| DROPPING amulet of guardian spirit.
  3623 | D:5      | 3623 ||| DROPPING +6 ring of strength.
  3624 | D:5      | 3624 ||| READING 4 scrolls of identify.
  3624 | D:5      | 3624 ||| IDENTIFYING viscous black potion
  3778 | D:6      | Reached skill level 9 in Ranged Weapons
  3792 | D:6      | Reached skill level 3 in Dodging
  3819 | D:6      | 3819 ||| RETREEEEATING.
  3858 | D:6      | Reached skill level 10 in Ranged Weapons
  4026 | D:6      | Reached XP level 9. HP: 52/55 MP: 9/9
  4075 | D:6      | 4075 ||| RETREEEEATING.
  4077 | D:6      | 4077 ||| RETREEEEATING.
  4080 | D:6      | 4080 ||| RETREEEEATING.
  4092 | D:6      | 4092 ||| FLEEEEING.
  4093 | D:6      | 4093 ||| FLEEEEING.
  4094 | D:6      | 4094 ||| FLEEEEING.
  4095 | D:6      | 4095 ||| FLEEEEING.
  4096 | D:6      | 4096 ||| FLEEEEING.
  4097 | D:6      | 4097 ||| FLEEEEING.
  4098 | D:6      | 4098 ||| FLEEEEING.
  4099 | D:6      | 4099 ||| FLEEEEING.
  4100 | D:6      | 4100 ||| FLEEEEING.
  4101 | D:6      | 4101 ||| FLEEEEING.
  4102 | D:6      | 4102 ||| FLEEEEING.
  4103 | D:6      | 4103 ||| FLEEEEING.
  4104 | D:6      | 4104 ||| FLEEEEING.
  4105 | D:6      | 4105 ||| FLEEEEING.
  4106 | D:6      | 4106 ||| FLEEEEING.
  4107 | D:6      | 4107 ||| FLEEEEING.
  4108 | D:6      | 4108 ||| FLEEEEING.
  4109 | D:6      | 4109 ||| STAIRDANCE
  4128 | D:5      | 4128 ||| READING 5 scrolls of identify.
  4128 | D:5      | 4128 ||| IDENTIFYING fizzy brown potion
  4129 | D:5      | 4129 ||| READING 4 scrolls of identify.
  4129 | D:5      | 4129 ||| IDENTIFYING scroll labelled WIMOFREZAUQ
  4130 | D:5      | 4130 ||| DROPPING potion of lignification.
  4131 | D:5      | 4131 ||| DROPPING scroll of silence.
  4360 | D:6      | 4360 ||| READING 3 scrolls of identify.
  4360 | D:6      | 4360 ||| IDENTIFYING scroll labelled IMEWESET PEULO
  4361 | D:6      | 4361 ||| DROPPING scroll of immolation.
  4496 | D:7      | 4496 ||| RETREEEEATING.
  4497 | D:7      | 4497 ||| RETREEEEATING.
  4499 | D:7      | 4499 ||| RETREEEEATING.
  4500 | D:7      | 4500 ||| RETREEEEATING.
  4501 | D:7      | 4501 ||| RETREEEEATING.
  4502 | D:7      | 4502 ||| RETREEEEATING.
  4503 | D:7      | 4503 ||| RETREEEEATING.
  4504 | D:7      | 4504 ||| RETREEEEATING.
  4505 | D:7      | 4505 ||| RETREEEEATING.
  4506 | D:7      | 4506 ||| RETREEEEATING.
  4507 | D:7      | 4507 ||| RETREEEEATING.
  4508 | D:7      | 4508 ||| RETREEEEATING.
  4509 | D:7      | 4509 ||| RETREEEEATING.
  4525 | D:7      | 4525 ||| FLEEEEING.
  5353 | D:7      | 5353 ||| DROPPING ring of flight.
  5354 | D:7      | 5354 ||| READING 3 scrolls of identify.
  5354 | D:7      | 5354 ||| IDENTIFYING 2 bubbling silvery potions
  5355 | D:7      | 5355 ||| READING 2 scrolls of identify.
  5355 | D:7      | 5355 ||| IDENTIFYING 3 scrolls labelled GUOBEO ZANGIA
  5356 | D:7      | 5356 ||| DROPPING 2 potions of attraction.
  5357 | D:7      | 5357 ||| DROPPING 3 scrolls of vulnerability.
  5378 | D:8      | 5378 ||| STAIRDANCE
  5384 | D:7      | Reached skill level 11 in Ranged Weapons
  5606 | D:8      | HP: 1/59 [orc warrior/+0 glaive (14)]
  5607 | D:8      | 5607 ||| READING 5 scrolls of teleportation.
  5608 | D:8      | 5608 ||| DRINKING 2 potions of heal wounds.
  5669 | D:8      | 5669 ||| FLEEEEING.
  5670 | D:8      | 5670 ||| FLEEEEING.
  5672 | D:8      | 5672 ||| FLEEEEING.
  5673 | D:8      | 5673 ||| FLEEEEING.
  5674 | D:8      | 5674 ||| FLEEEEING.
  5675 | D:8      | 5675 ||| FLEEEEING.
  5676 | D:8      | 5676 ||| FLEEEEING.
  5677 | D:8      | 5677 ||| FLEEEEING.
  5680 | D:8      | 5680 ||| FLEEEEING.
  5681 | D:8      | 5681 ||| FLEEEEING.
  5682 | D:8      | 5682 ||| FLEEEEING.
  5683 | D:8      | 5683 ||| FLEEEEING.
  5684 | D:8      | 5684 ||| FLEEEEING.
  5685 | D:8      | 5685 ||| FLEEEEING.
  5686 | D:8      | 5686 ||| FLEEEEING.
  5687 | D:8      | 5687 ||| FLEEEEING.
  5688 | D:8      | 5688 ||| FLEEEEING.
  5689 | D:8      | 5689 ||| FLEEEEING.
  5690 | D:8      | 5690 ||| FLEEEEING.
  5691 | D:8      | 5691 ||| FLEEEEING.
  5692 | D:8      | 5692 ||| FLEEEEING.
  5693 | D:8      | 5693 ||| STAIRDANCE
  5849 | D:8      | Reached XP level 10. HP: 64/64 MP: 10/10
  5874 | D:8      | 5874 ||| FLEEEEING.
  5942 | D:8      | Found an iron altar of Okawaru.
  5943 | D:8      | 5943 ||| PLANNING OKAWARU WORSHIP
  5950 | D:8      | Became a worshipper of Warmaster Okawaru
  5951 | D:8      | 5951 ||| PLANNING D:1-11
  6007 | D:8      | Reached skill level 12 in Ranged Weapons
  6089 | D:8      | Noticed Pikel
  6090 | D:8      | 6090 ||| DRINKING potion of haste.
  6094 | D:8      | Killed Pikel
  6106 | D:8      | Noticed Maggie
  6110 | D:8      | Killed Maggie
  6178 | D:8      | Noticed Jeremiah
  6179 | D:8      | 6179 ||| ZAPPING wand of paralysis (4) at -5,6 (Jeremiah;
                  | floor).
  6180 | D:8      | 6180 ||| ZAPPING wand of paralysis (3) at -5,6 (Jeremiah;
                  | floor).
  6181 | D:8      | 6181 ||| ZAPPING wand of paralysis (2) at -4,6 (Jeremiah;
                  | floor).
  6183 | D:8      | 6183 ||| ZAPPING wand of paralysis (1) at -4,5 (Jeremiah;
                  | floor).
  6191 | D:8      | 6191 ||| FLEEEEING.
  6192 | D:8      | 6192 ||| FLEEEEING.
  6193 | D:8      | 6193 ||| FLEEEEING.
  6194 | D:8      | 6194 ||| FLEEEEING.
  6206 | D:8      | 6206 ||| FLEEEEING.
  6250 | D:8      | 6250 ||| UPGRADING to +0 swamp dragon scales.
  6274 | D:8      | 6274 ||| FLEEEEING.
  6286 | D:8      | 6286 ||| FLEEEEING.
  6288 | D:8      | 6288 ||| DROPPING +0 ring mail.
  6300 | D:8      | 6300 ||| DROPPING +0 robe of willpower.
  6302 | D:8      | Killed Jeremiah
  6302 | D:8      | Reached * piety under Okawaru
  6303 | D:8      | Reached skill level 3 in Armour
  6622 | D:9      | 6622 ||| DRINKING 6 potions of curing.
  6622 | D:9      | 6622 ||| (to cure confusion)
  6632 | D:9      | Reached skill level 1 in Invocations
  6632 | D:9      | 6632 ||| FLEEEEING.
  6637 | D:9      | 6637 ||| STAIRDANCE
  6709 | D:9      | 6709 ||| RETREEEEATING.
  6775 | D:9      | 6775 ||| INVOKING Heroism.
  6841 | D:9      | 6841 ||| RETREEEEATING.
  6842 | D:9      | 6842 ||| RETREEEEATING.
  6843 | D:9      | 6843 ||| RETREEEEATING.
  6866 | D:9      | 6866 ||| FLEEEEING.
  6947 | D:9      | Reached skill level 3 in Invocations
  6947 | D:9      | 6947 ||| FLEEEEING.
  6948 | D:9      | 6948 ||| FLEEEEING.
  6949 | D:9      | 6949 ||| FLEEEEING.
  6950 | D:9      | 6950 ||| FLEEEEING.
  6951 | D:9      | 6951 ||| FLEEEEING.
  6952 | D:9      | 6952 ||| FLEEEEING.
  6954 | D:9      | 6954 ||| FLEEEEING.
  6955 | D:9      | 6955 ||| FLEEEEING.
  6956 | D:9      | 6956 ||| FLEEEEING.
  6957 | D:9      | 6957 ||| FLEEEEING.
  6959 | D:9      | 6959 ||| FLEEEEING.
  6960 | D:9      | 6960 ||| FLEEEEING.
  6961 | D:9      | 6961 ||| FLEEEEING.
  6962 | D:9      | 6962 ||| FLEEEEING.
  6963 | D:9      | 6963 ||| FLEEEEING.
  6964 | D:9      | 6964 ||| FLEEEEING.
  6965 | D:9      | 6965 ||| FLEEEEING.
  6966 | D:9      | 6966 ||| FLEEEEING.
  6969 | D:9      | 6969 ||| FLEEEEING.
  6970 | D:9      | 6970 ||| FLEEEEING.
  6971 | D:9      | 6971 ||| FLEEEEING.
  6972 | D:9      | 6972 ||| STAIRDANCE
  7023 | D:8      | 7023 ||| READING 2 scrolls of identify.
  7023 | D:8      | 7023 ||| IDENTIFYING scroll labelled NANIOT IGHE
  7024 | D:8      | 7024 ||| READING scroll of enchant weapon.
  7024 | D:8      | 7024 ||| ENCHANTING +0 longbow.
  7035 | D:9      | 7035 ||| STAIRDANCE
  7049 | D:8      | 7049 ||| FLEEEEING.
  7204 | D:9      | Reached ** piety under Okawaru
  7205 | D:9      | 7205 ||| FLEEEEING.
  7293 | D:9      | 7293 ||| FLEEEEING.
  7384 | D:9      | Reached XP level 11. HP: 60/68 MP: 14/14
  7384 | D:9      | 7384 ||| FLEEEEING.
  7480 | D:9      | Reached *** piety under Okawaru
  7529 | D:9      | 7529 ||| RETREEEEATING.
  7530 | D:9      | 7530 ||| RETREEEEATING.
  7531 | D:9      | 7531 ||| RETREEEEATING.
  7532 | D:9      | 7532 ||| RETREEEEATING.
  7533 | D:9      | 7533 ||| RETREEEEATING.
  7534 | D:9      | 7534 ||| RETREEEEATING.
  7535 | D:9      | 7535 ||| RETREEEEATING.
  7536 | D:9      | 7536 ||| RETREEEEATING.
  7537 | D:9      | 7537 ||| RETREEEEATING.
  7538 | D:9      | 7538 ||| RETREEEEATING.
  7539 | D:9      | 7539 ||| RETREEEEATING.
  7540 | D:9      | 7540 ||| RETREEEEATING.
  7541 | D:9      | 7541 ||| RETREEEEATING.
  7542 | D:9      | 7542 ||| RETREEEEATING.
  7543 | D:9      | 7543 ||| RETREEEEATING.
  7548 | D:9      | 7548 ||| RETREEEEATING.
  7549 | D:9      | 7549 ||| RETREEEEATING.
  7550 | D:9      | 7550 ||| RETREEEEATING.
  7551 | D:9      | 7551 ||| RETREEEEATING.
  7553 | D:9      | 7553 ||| RETREEEEATING.
  7558 | D:9      | Reached skill level 13 in Ranged Weapons
  7774 | D:9      | 7774 ||| FLEEEEING.
  7966 | D:9      | 7966 ||| FLEEEEING.
  8019 | D:9      | Reached skill level 9 in Fighting
  8152 | D:9      | 8152 ||| FLEEEEING.
  8153 | D:9      | 8153 ||| FLEEEEING.
  8154 | D:9      | 8154 ||| FLEEEEING.
  8155 | D:9      | 8155 ||| FLEEEEING.
  8156 | D:9      | 8156 ||| FLEEEEING.
  8157 | D:9      | 8157 ||| FLEEEEING.
  8158 | D:9      | 8158 ||| FLEEEEING.
  8160 | D:9      | 8160 ||| FLEEEEING.
  8162 | D:9      | 8162 ||| STAIRDANCE
  8321 | D:10     | Entered Level 10 of the Dungeon
  8386 | D:10     | 8386 ||| READING scroll of enchant armour.
  8386 | D:10     | 8386 ||| ENCHANTING +0 swamp dragon scales.
  8416 | D:10     | Reached **** piety under Okawaru
  8714 | D:10     | Reached skill level 6 in Armour
  8762 | D:10     | Found a staircase to the Orcish Mines.
  9064 | D:10     | 9064 ||| READING 3 scrolls of identify.
  9064 | D:10     | 9064 ||| IDENTIFYING scroll labelled OTETHR MIETO
  9065 | D:10     | 9065 ||| DROPPING scroll of noise.
  9096 | D:11     | Noticed a brown ugly thing
  9097 | D:11     | 9097 ||| INVOKING Finesse.
  9105 | D:11     | Killed a brown ugly thing
  9111 | D:11     | 9111 ||| Stepping randomly (disturbance).
  9141 | D:11     | 9141 ||| FLEEEEING.
  9148 | D:11     | 9148 ||| STAIRDANCE
  9250 | D:11     | 9250 ||| RETREEEEATING.
  9260 | D:11     | 9260 ||| INVOKING Finesse.
  9319 | D:11     | Reached ***** piety under Okawaru
  9324 | D:11     | Reached skill level 6 in Invocations
  9324 | D:11     | 9324 ||| RETREEEEATING.
  9325 | D:11     | 9325 ||| RETREEEEATING.
  9326 | D:11     | 9326 ||| RETREEEEATING.
  9336 | D:11     | 9336 ||| RETREEEEATING.
  9349 | D:11     | 9349 ||| RETREEEEATING.
  9361 | D:11     | Received a gift from Okawaru
  9426 | D:11     | Found a staircase to the Lair.
  9554 | D:11     | 9554 ||| RETREEEEATING.
  9612 | D:11     | 9612 ||| READING scroll of brand weapon.
  9612 | D:11     | 9612 ||| BRANDING +1 longbow.
  9668 | D:11     | 9668 ||| READING scroll of brand weapon.
  9668 | D:11     | 9668 ||| BRANDING +1 longbow of draining.
  9693 | D:11     | Found a stormy altar of Qazlal.
  9992 | D:11     | Noticed a cyclops
  9993 | D:11     | 9993 ||| INVOKING Finesse.
  9998 | D:11     | Killed a cyclops
 10269 | D:11     | 10269 ||| PLANNING LAIR
 10305 | Lair:1   | Entered Level 1 of the Lair of Beasts
 10343 | Lair:1   | Reached skill level 14 in Ranged Weapons
 10343 | Lair:1   | Reached XP level 12. HP: 76/76 MP: 17/17
 10347 | Lair:1   | 10347 ||| RETREEEEATING.
 10348 | Lair:1   | 10348 ||| RETREEEEATING.
 10349 | Lair:1   | 10349 ||| RETREEEEATING.
 10350 | Lair:1   | 10350 ||| RETREEEEATING.
 10351 | Lair:1   | 10351 ||| RETREEEEATING.
 10362 | Lair:1   | 10362 ||| FLEEEEING.
 10499 | Lair:1   | 10499 ||| READING scroll of enchant weapon.
 10499 | Lair:1   | 10499 ||| ENCHANTING +1 longbow of flaming.
 10509 | Lair:1   | 10509 ||| FLEEEEING.
 10639 | Lair:1   | 10639 ||| FLEEEEING.
 10642 | Lair:1   | 10642 ||| FLEEEEING.
 10643 | Lair:1   | 10643 ||| FLEEEEING.
 10644 | Lair:1   | 10644 ||| FLEEEEING.
 10681 | Lair:1   | Found a dark tunnel.
 11168 | Lair:1   | 11168 ||| RETREEEEATING.
 11170 | Lair:1   | 11170 ||| RETREEEEATING.
 11171 | Lair:1   | 11171 ||| RETREEEEATING.
 11172 | Lair:1   | 11172 ||| RETREEEEATING.
 11175 | Lair:1   | 11175 ||| RETREEEEATING.
 11182 | Lair:1   | Reached skill level 9 in Invocations
 11554 | Lair:2   | 11554 ||| RETREEEEATING.
 11555 | Lair:2   | 11555 ||| RETREEEEATING.
 11556 | Lair:2   | 11556 ||| RETREEEEATING.
 11557 | Lair:2   | 11557 ||| RETREEEEATING.
 11558 | Lair:2   | 11558 ||| RETREEEEATING.
 11559 | Lair:2   | 11559 ||| RETREEEEATING.
 11564 | Lair:2   | 11564 ||| INVOKING Finesse.
 11585 | Lair:2   | Received a gift from Okawaru
 11611 | Lair:2   | 11611 ||| FLEEEEING.
 11617 | Lair:2   | 11617 ||| STAIRDANCE
 11658 | Lair:2   | 11658 ||| READING scroll of enchant armour.
 11658 | Lair:2   | 11658 ||| ENCHANTING +1 swamp dragon scales.
 11841 | Lair:2   | 11841 ||| RETREEEEATING.
 11842 | Lair:2   | 11842 ||| RETREEEEATING.
 11843 | Lair:2   | 11843 ||| RETREEEEATING.
 11845 | Lair:2   | 11845 ||| RETREEEEATING.
 11849 | Lair:2   | 11849 ||| RETREEEEATING.
 11864 | Lair:2   | 11864 ||| FLEEEEING.
 11891 | Lair:2   | 11891 ||| FLEEEEING.
 11986 | Lair:2   | 11986 ||| READING scroll of enchant armour.
 11986 | Lair:2   | 11986 ||| ENCHANTING +2 swamp dragon scales.
 11992 | Lair:2   | Noticed a catoblepas
 11995 | Lair:2   | 11995 ||| INVOKING Finesse.
 12001 | Lair:2   | Killed a catoblepas
 12110 | Lair:2   | Noticed a catoblepas
 12111 | Lair:2   | 12111 ||| INVOKING Finesse.
 12117 | Lair:2   | Reached skill level 15 in Ranged Weapons
 12124 | Lair:2   | Killed a catoblepas
 12358 | Lair:2   | 12358 ||| FLEEEEING.
 12508 | Lair:2   | Reached XP level 13. HP: 82/82 MP: 20/20
 12531 | Lair:2   | Reached skill level 6 in Dodging
 12532 | Lair:2   | Reached ****** piety under Okawaru
 12538 | Lair:2   | Received a gift from Okawaru
 12541 | Lair:2   | 12541 ||| INVOKING Receive Weapon.
 12541 | Lair:2   | 12541 ||| ACQUIRING +4 triple crossbow of freezing
 12541 | Lair:2   | Acquired a +4 triple crossbow of freezing
 12541 | Lair:2   | Received a gift from Okawaru
 12542 | Lair:2   | 12542 ||| INVOKING Receive Armour.
 12542 | Lair:2   | 12542 ||| ACQUIRING +2 pair of gloves of strength
 12542 | Lair:2   | Acquired a +2 pair of gloves of strength
 12542 | Lair:2   | Received a gift from Okawaru
 12544 | Lair:2   | 12544 ||| SWAPPING to +4 triple crossbow of freezing.
 12545 | Lair:2   | 12545 ||| DROPPING +2 longbow of flaming.
 12624 | Lair:2   | Found a staircase to the Snake Pit.
 12635 | Lair:2   | Noticed Nergalle
 12643 | Lair:2   | Killed Nergalle
 12796 | Lair:2   | 12796 ||| UPGRADING to +2 pair of gloves of strength.
 12852 | Lair:3   | Identified the +4 falchion of Corporal Punishment {holy,
                  | rElec rN+ SInv}
 12922 | Lair:3   | Found a staircase to the Swamp.
 12922 | Lair:3   | Noticed an eleionoma
 12923 | Lair:3   | 12923 ||| INVOKING Finesse.
 12925 | Lair:3   | Killed an eleionoma
 13051 | Lair:3   | 13051 ||| RETREEEEATING.
 13053 | Lair:3   | 13053 ||| RETREEEEATING.
 13057 | Lair:3   | Received a gift from Okawaru
 13524 | Lair:3   | 13524 ||| READING 6 scrolls of identify.
 13524 | Lair:3   | 13524 ||| IDENTIFYING cyan potion
 13525 | Lair:3   | 13525 ||| READING 5 scrolls of identify.
 13525 | Lair:3   | 13525 ||| IDENTIFYING scroll labelled YSOATH KUUMIM
 13526 | Lair:3   | 13526 ||| DROPPING potion of ambrosia.
 13527 | Lair:3   | 13527 ||| DROPPING scroll of fear.
 13548 | Lair:4   | Reached skill level 16 in Ranged Weapons
 13779 | Lair:4   | Found a viscous altar of Jiyva.
 13780 | Lair:4   | Found a staircase to the Slime Pits.
 13926 | Lair:4   | 13926 ||| INVOKING Finesse.
 13931 | Lair:4   | Noticed Rupert
 13933 | Lair:4   | Noticed Josephine
 13938 | Lair:4   | 13938 ||| INVOKING Heroism.
 13939 | Lair:4   | 13939 ||| ZAPPING wand of acid (16) at -2,0 (Rupert;
                  | floor).
 13940 | Lair:4   | 13940 ||| ZAPPING wand of acid (15) at -2,0 (Rupert;
                  | floor).
 13945 | Lair:4   | Killed Rupert
 13945 | Lair:4   | Received a gift from Okawaru
 13950 | Lair:4   | Killed Josephine
 14268 | Lair:4   | 14268 ||| DROPPING ring of ice.
 14269 | Lair:4   | 14269 ||| READING 5 scrolls of identify.
 14269 | Lair:4   | 14269 ||| IDENTIFYING 2 blue potions
 14286 | Lair:5   | Entered Level 5 of the Lair of Beasts
 14310 | Lair:5   | 14310 ||| RETREEEEATING.
 14311 | Lair:5   | 14311 ||| RETREEEEATING.
 14312 | Lair:5   | 14312 ||| RETREEEEATING.
 14313 | Lair:5   | 14313 ||| RETREEEEATING.
 14314 | Lair:5   | 14314 ||| RETREEEEATING.
 14323 | Lair:5   | 14323 ||| RETREEEEATING.
 14332 | Lair:5   | 14332 ||| RETREEEEATING.
 14362 | Lair:5   | Reached skill level 17 in Ranged Weapons
 14432 | Lair:5   | 14432 ||| FLEEEEING.
 14433 | Lair:5   | Received a gift from Okawaru
 14529 | Lair:5   | Gained mutation: Your large and strong wings let you fly.
                  | [Gargoyle growth]
 14529 | Lair:5   | Reached XP level 14. HP: 90/90 MP: 21/21
 14547 | Lair:5   | 14547 ||| RETREEEEATING.
 14548 | Lair:5   | 14548 ||| RETREEEEATING.
 14549 | Lair:5   | 14549 ||| RETREEEEATING.
 14550 | Lair:5   | 14550 ||| RETREEEEATING.
 14551 | Lair:5   | 14551 ||| RETREEEEATING.
 14552 | Lair:5   | 14552 ||| RETREEEEATING.
 14556 | Lair:5   | Reached skill level 9 in Armour
 14666 | Lair:5   | 14666 ||| RETREEEEATING.
 14667 | Lair:5   | 14667 ||| RETREEEEATING.
 14668 | Lair:5   | 14668 ||| RETREEEEATING.
 14669 | Lair:5   | 14669 ||| RETREEEEATING.
 14685 | Lair:5   | 14685 ||| FLEEEEING.
 14778 | Lair:5   | 14778 ||| FLEEEEING.
 14867 | Lair:5   | Received a gift from Okawaru
 14868 | Lair:5   | 14868 ||| RETREEEEATING.
 14869 | Lair:5   | 14869 ||| RETREEEEATING.
 14871 | Lair:5   | 14871 ||| INVOKING Finesse.
 14919 | Lair:5   | 14919 ||| READING scroll of brand weapon.
 14919 | Lair:5   | 14919 ||| BRANDING +4 triple crossbow of freezing.
 15124 | Lair:5   | 15124 ||| RETREEEEATING.
 15125 | Lair:5   | 15125 ||| RETREEEEATING.
 15126 | Lair:5   | 15126 ||| RETREEEEATING.
 15334 | Lair:5   | 15334 ||| INVOKING Finesse.
 15517 | Lair:5   | Reached skill level 18 in Ranged Weapons
 15533 | Lair:5   | 15533 ||| PLANNING D
 15533 | Lair:5   | 15533 ||| READING 6 scrolls of identify.
 15533 | Lair:5   | 15533 ||| IDENTIFYING 2 murky puce potions
 15534 | Lair:5   | 15534 ||| DROPPING 2 potions of invisibility.
 15640 | D:12     | Received a gift from Okawaru
 15715 | D:12     | 15715 ||| READING scroll of brand weapon.
 15715 | D:12     | 15715 ||| BRANDING +4 triple crossbow of draining.
 15960 | D:12     | Reached skill level 12 in Fighting
 16133 | D:12     | Found a portal to a secret trove of treasure.
 16211 | D:13     | 16211 ||| RETREEEEATING.
 16212 | D:13     | 16212 ||| RETREEEEATING.
 16212 | D:13     | Found Ciubab's Distillery.
 16230 | D:13     | 16230 ||| READING scroll of enchant weapon.
 16230 | D:13     | 16230 ||| ENCHANTING +4 triple crossbow of chaos.
 16258 | D:13     | Received a gift from Okawaru
 16382 | D:13     | 16382 ||| BUYING potion of curing (48 gold).
 16382 | D:13     | Bought a potion of curing for 48 gold pieces
 16382 | D:13     | 16382 ||| BUYING potion of enlightenment (80 gold).
 16382 | D:13     | Bought a potion of enlightenment for 80 gold pieces
 16382 | D:13     | 16382 ||| BUYING potion of enlightenment (80 gold).
 16382 | D:13     | Bought a potion of enlightenment for 80 gold pieces
 16382 | D:13     | 16382 ||| BUYING potion of haste (160 gold).
 16382 | D:13     | Bought a potion of haste for 160 gold pieces
 16382 | D:13     | 16382 ||| BUYING potion of haste (160 gold).
 16382 | D:13     | Bought a potion of haste for 160 gold pieces
 16475 | D:13     | 16475 ||| INVOKING Finesse.
 16517 | D:13     | Received a gift from Okawaru
 16535 | D:13     | 16535 ||| DRINKING 10 potions of curing.
 16535 | D:13     | 16535 ||| (to cure confusion)
 16537 | D:13     | 16537 ||| INVOKING Finesse.
 16554 | D:13     | 16554 ||| DRINKING 9 potions of curing.
 16554 | D:13     | 16554 ||| (to cure confusion)
 16561 | D:13     | 16561 ||| FLEEEEING.
 16561 | D:13     | Found a runed translucent door.
 16561 | D:13     | HP: 17/92 [vault guard/+1 great mace of protection (19)]
 16561 | D:13     | Mangled by a vault guard

Levels and vault maps discovered:
D:1:      dpeg_arrival_rooms_c, layout_basic, hangedman_decor_diamond_cutter
D:2:      layout_loops_ring, minivault_23, minmay_misc_feat_square,
          minmay_pentomino_t4
D:3:      layout_basic, serial_shops, shop, corexii_leaking_fountain,
          uniq_terence
D:4:      layout_basic, chequers_temple_overflow_statue_of_worship
D:5:      layout_basic, mainiacjoe_overflow_24_doors, minmay_temple_entry_grid,
          serial_shops, shop, nicolae_shop_tiny_glass, shop, shop,
          nicolae_alphabet_shops, bh_walls_and_bars, uniq_sigmund,
          uniq_menkaure, uniq_ijyb
D:6:      layout_loops_ring, palyth_stone_intersect, nicolae_letterblocks
          [nicolae_letter_subblock, nicolae_letter_subblock,
          nicolae_letter_subblock, nicolae_letter_subblock,
          nicolae_letter_subblock, nicolae_letter_subblock,
          nicolae_letter_subblock, nicolae_letter_subblock,
          nicolae_letter_subblock, nicolae_letter_subblock,
          nicolae_letter_subblock, nicolae_letter_subblock,
          nicolae_letter_subblock, nicolae_letter_subblock,
          nicolae_letter_subblock, nicolae_letter_subblock,
          nicolae_letter_subblock, nicolae_letter_subblock,
          nicolae_letter_subblock, nicolae_letter_subblock,
          nicolae_letter_subblock, nicolae_letter_subblock,
          nicolae_letter_subblock, nicolae_letter_subblock,
          nicolae_letter_subblock]
D:7:      layout_basic
D:8:      layout_gridville, okawaru_humans, special_room [special_room_orc],
          uniq_maggie, uniq_jeremiah, uniq_pikel
D:9:      layout_gridville, serial_undead, serial_undead_c, serial_undead_a,
          serial_undead_c, serial_undead_b
D:10:     layout_basic, orc_0_dummy, lightli_orcish_oven
D:11:     layout_basic, due_lair_maze_entry_diamond,
          nicolae_qazlal_eye_of_the_storm
D:12:     layout_rooms, trove_entry_hex_spiral
D:13:     layout_cave_pools, lightli_vaults_fourway_checkpoint, serial_shops,
          shop, ebering_ghost_funeral_grove
Temple:   hc_temple_tempest_star
Lair:1:   layout_layer_cave, enter_volcano_2
Lair:2:   wad_woods_tower, layout_regular_city, alex1729_snake_entry_snake,
          serial_bayou_pond_b, lemuel_fruit_fields, uniq_nergalle
Lair:3:   layout_gridlike, alex1729_swamp_entry_worm_eleionoma
Lair:4:   layout_roguey, slime_entry_1, grunt_forest_small_clearings,
          wad_woods_road_04, uniq_rupert, uniq_josephine
Lair:5:   gammafunk_lair_ancient_temple, layout_cave_pods, st_stairs_4,
          nicolae_quartered_pool_impasse, worms_lemuel

Skill      XL: |  1  2  3  4  5  6  7  8  9 10 11 12 13 14 |
---------------+-------------------------------------------+-----
Armour         | 1 2 5 6 7 8 9 |  9.1
Ranged Weapons | 5 6 7 8 10 11 12 14 15 17 18 | 18.8
Fighting       | 3 4 6 8 9 10 11 12 | 12.0
Dodging        | 2 3 4 5 6 7 |  7.0
Invocations    | 4 7 10 | 10.0
Stealth        | |  1.1

Action                     |  1- 3 |  4- 6 |  7- 9 | 10-12 | 13-15 || total
---------------------------+-------+-------+-------+-------+-------++-------
   Fire: Shortbow          |    94 |    22 |       |       |       ||   116
         Orcbow            |       |   101 |    55 |       |       ||   156
         Longbow           |       |       |   212 |   707 |    18 ||   937
         Triple crossbow   |       |       |       |       |   434 ||   434
 Invoke: Heroism           |       |       |       |     1 |     1 ||     2
         Finesse           |       |       |       |     6 |     6 ||    12
         Receive Weapon    |       |       |       |       |     1 ||     1
         Receive Armour    |       |       |       |       |     1 ||     1
  Evoke: Wand              |       |       |     4 |     4 |     2 ||    10
    Use: Scroll            |     4 |    10 |     9 |     9 |     7 ||    39
         Potion            |     1 |     1 |     1 |     2 |     2 ||     7
 Armour: Leather armour    |     7 |       |       |       |       ||     7
         Ring mail         |     9 |    45 |       |       |       ||    54
         Robe              |       |     2 |   107 |    37 |       ||   146
         Swamp dragon scal |       |       |       |   353 |   162 ||   515
  Dodge: Dodged            |    28 |    36 |   135 |   412 |   157 ||   768

Table legend:
 A = Non-vault XP
 B = Vault XP
 C = Vault XP percentage of total XP
 D = Non-vault monster count
 E = Vault monster count
 F = Vault count percentage of total count
                 A         B        C        D         E       F
            +---------+---------+-------+---------+---------+-------
      Total |   55246 |   30287 |  35.4 |     419 |     116 |  21.7
            +---------+---------+-------+---------+---------+-------
        D:1 |      36 |       0 |   0.0 |      21 |       0 |   0.0
        D:2 |      74 |       7 |   8.6 |      25 |       4 |  13.8
        D:3 |     235 |      36 |  13.3 |      26 |       1 |   3.7
        D:4 |     337 |       0 |   0.0 |      27 |       0 |   0.0
        D:5 |     311 |     436 |  58.4 |      12 |       3 |  20.0
        D:6 |    1305 |       0 |   0.0 |      23 |       0 |   0.0
        D:7 |    1218 |       0 |   0.0 |      23 |       0 |   0.0
        D:8 |     726 |    2243 |  75.5 |      21 |      24 |  53.3
        D:9 |    3295 |    1645 |  33.3 |      47 |      12 |  20.3
       D:10 |     679 |      15 |   2.2 |      10 |       5 |  33.3
       D:11 |    4388 |    1294 |  22.8 |      17 |       9 |  34.6
       D:12 |    5710 |       0 |   0.0 |      31 |       0 |   0.0
       D:13 |    5356 |    4657 |  46.5 |      13 |       8 |  38.1
     Lair:1 |    5867 |       0 |   0.0 |      22 |       0 |   0.0
     Lair:2 |    6248 |    4752 |  43.2 |      32 |      16 |  33.3
     Lair:3 |    4389 |    1020 |  18.9 |      14 |       1 |   6.7
     Lair:4 |    5075 |    3415 |  40.2 |      18 |       5 |  21.7
     Lair:5 |    9997 |   10767 |  51.9 |      37 |      28 |  43.1
            +---------+---------+-------+---------+---------+-------
